[Event "*** Titled Tuesday Blitz"]
[Site "Chess.com"]
[Date "2020.11.24"]
[Round "10"]
[White "ChronicUnhappiness"]
[Black "rugbyclub"]
[Result "0-1"]
[WhiteElo "2328"]
[BlackElo "2194"]
[TimeControl "180+1"]
[EndTime "12:11:46 PST"]
[Termination "rugbyclub won on time"]

1. d3 d5 2. Nf3 Nc6 3. g3 e5 4. Bg2 Nf6 5. O-O h6 6. c4 Be7 7.
cxd5 Nxd5 8. Nc3 Nb6 9. d4 exd4 10. Nb5 Bf6 11. Bf4 Nd5 12. Nfxd4 Nxd4 13. Bxd5 Nxb5 14. Qb3 O-O 15. Qxb5 c6 16. Bxc6 bxc6 17. Qxc6 Be6 0-1

[Event "*** Titled Tuesday Blitz"]
[Site "Chess.com"]
[Date "2020.11.24"]
[Round "10"]
[White "RaneshRatnesan"]
[Black "reniite"]
[Result "1-0"]
[WhiteElo "2129"]
[BlackElo "1945"]
[TimeControl "180+1"]
[EndTime "12:11:51 PST"]
[Termination "RaneshRatnesan won by checkmate"]

1. b3 Nf6 2. Bb2 d6 3. Nf3 e5 4. e3 g6 5. c4 Bg7 6. Nc3 O-O 7. d4 exd4 8. Nxd4 d5 9. cxd5 Nxd5 10. Nxd5 Qxd5 11.
Rb1 Qa5+ 12. Qd2 Qxa2 13. Qc2 Qa5+ 14. Bc3 Qg5 15. Be2 Qxg2 16. Bf3 Qg5 17. h4 Qc5 18. b4 Bf5 19. bxc5 Bxc2 20. Rxb7 Na6 21. Rb2 Rab8 22. Rxc2 Rb1+ 23. Bd1 Re8 24. O-O Re4 25.
h5 Nxc5 26. Bf3 Rxf1+ 27. Kxf1 Rh4 28. hxg6 fxg6 29. Bd5+ Kh8 30. Ba1 Nd7 31. Rxc7 Nf8 32. Rc8 Rh5 33. Ne6 Rxd5 34. Rxf8# 1-0

[Event "*** Titled Tuesday Blitz"]
[Site "Chess.com"]
[Date "2020.11.24"]
[Round "10"]
[White "BogdanDeac"]
[Black "Aleksey_Sorokin"]
[Result "1-0"]
[WhiteElo "2916"]
[BlackElo "2830"]
[TimeControl "180+1"]
[EndTime "12:11:52 PST"]
[Termination "BogdanDeac won by resignation"]

1. e4 c6 2. Nf3 d5 3. d3 g6 4.
Nbd2 Bg7 5. g3 e5 6. Bg2 Ne7 7. O-O O-O 8. a4 Qc7 9. c3 Na6 10. Qc2 Rd8 11. b4 d4 12. Bb2 dxc3 13. Bxc3 Bg4 14. h3 Bd7 15. Rfc1 Rac8 16. Qb2 f6 17. d4 exd4 18. Bxd4 Qd6 19. Rab1 b6 20. e5 fxe5 21.
Ne4 Qe6 22. Bxe5 Bxe5 23. Nxe5 Be8 24. Ng4 h5 25. Nh6+ Kf8 26. Qh8+ Ng8 27. Ng5 1-0

[Event "*** Titled Tuesday Blitz"]
[Site "Chess.com"]
[Date "2020.11.24"]
[Round "10"]
[White "Zubrrr"]
[Black "Gerodot71"]
[Result "1/2-1/2"]
[WhiteElo "2632"]
[BlackElo "2486"]
[TimeControl "180+1"]
[EndTime "12:12:01 PST"]
[Termination "Game drawn by agreement"]

1. d4 Nf6 2. c4 e6 3. g3 d5 4. Nf3 Be7 5. Bg2 O-O 6. O-O dxc4 7.
Qc2 a6 8. Qxc4 b5 9. Qc2 Bb7 10. Bd2 Be4 11. Qc1 Nbd7 12. Ba5 Bd6 13. Nc3 Bb7 14.
Rd1 Qe7 15. a3 c5 16. Qc2 Rac8 17. Rac1 b4 18. dxc5 Bxc5 19. Bxb4 Bxb4 20. axb4 Qxb4 21. Rd4 Qb6 22. Rcd1 Nc5 23. Qb1 Rfd8 24. Rxd8+ Rxd8 25.
Rxd8+ Qxd8 26. Qc2 Qb6 27. Nd2 1/2-1/2

[Event "*** Titled Tuesday Blitz"]
[Site "Chess.com"]
[Date "2020.11.24"]
[Round "10"]
[White "arjwezhrtdrz"]
[Black "Slovak_fighter2000"]
[Result "0-1"]
[WhiteElo "2334"]
[BlackElo "2470"]
[TimeControl "180+1"]
[EndTime "12:12:01 PST"]
[Termination "Slovak_fighter2000 won on time"]

1. e4 e5 2. Nf3 Nf6 3. Nc3 Bc5 4.
Nxe5 Nc6 5. Nf3 d5 6. exd5 Nxd5 7. Nxd5 Qxd5 8. Be2 Bg4 9. O-O O-O 10. c3 Qh5 11. h3 Bxh3 12. gxh3 Qxh3 13. d4 Bd6 14. Re1 Rae8 15. Bg5 h6 16. Be3 Re6 0-1

[Event "*** Titled Tuesday Blitz"]
[Site "Chess.com"]
[Date "2020.11.24"]
[Round "10"]
[White "keepitcoming"]
[Black "hawes33"]
[Result "0-1"]
[WhiteElo "2352"]
[BlackElo "2249"]
[TimeControl "180+1"]
[EndTime "12:12:06 PST"]
[Termination "hawes33 won by checkmate"]

1. d4 c5 2. d5 Nf6 3. c4 g6 4. Nc3 Bg7 5. e4 O-O 6. f3 d6 7. Nge2 e6 8. Ng3 exd5 9. cxd5 Na6 10. a4 Nc7 11. Bd3 b6 12. O-O Ba6 13. Bg5 Bxd3 14. Qxd3 h6 15. Be3 Nd7 16. f4 Re8 17. Rae1 a6 18. f5 Ne5 19. Qe2 b5 20. fxg6 fxg6 21.
axb5 axb5 22. Nxb5 Nxb5 23. Qxb5 Ng4 24. Kh1 Nxh2 25.
Kxh2 Qh4+ 26. Kg1 Qxg3 27. Bf2 Qg4 28. Qe2 Qg5 29. Be3 Qe5 30. Bf4 Qxb2 31. Bxd6 Bd4+ 32. Kh1 Qxe2 33. Rxe2 Rad8 34. Bf4 Rxd5 35. Bxh6 Rh5# 0-1

[Event "*** Titled Tuesday Blitz"]
[Site "Chess.com"]
[Date "2020.11.24"]
[Round "10"]
[White "Aradej"]
[Black "alexrustemov"]
[Result "1-0"]
[WhiteElo "2469"]
[BlackElo "2638"]
[TimeControl "180+1"]
[EndTime "12:12:11 PST"]
[Termination "Aradej won on time"]

1. d4 g6 2. Nf3 Bg7 3. e4 c5 4. d5 d6 5. Nc3 Nf6 6. Bb5+ Nbd7 7. a4 O-O 8. O-O a6 9. Bd3 Ng4 10. h3 Nge5 11. Bf4 Rb8 12. Nxe5 Nxe5 13. Be2 Qa5 14.
Qd2 Bd7 15. Bh6 Bxh6 16. Qxh6 Qb4 17. Qd2 b5 18. axb5 Bxb5 19. Bxb5 axb5 20. b3 Ra8 21. Rab1 Ra3 22. Rfd1 Rfa8 23. f4 Nd7 24. Kh1 Nf6 25. Qd3 c4 26. Qd4 Nh5 27. e5 Qa5 28. exd6 exd6 29.
Ne4 cxb3 30. cxb3 Re8 31. Nxd6 Re2 32. Rbc1 Raa2 33. Rc8+ 1-0

[Event "*** Titled Tuesday Blitz"]
[Site "Chess.com"]
[Date "2020.11.24"]
[Round "10"]
[White "IrishMonkey"]
[Black "Supernotar"]
[Result "1-0"]
[WhiteElo "2580"]
[BlackElo "2819"]
[TimeControl "180+1"]
[EndTime "12:12:19 PST"]
[Termination "IrishMonkey won by resignation"]

1. Nf3 c5 2. c4 Nc6 3. d4 cxd4 4. Nxd4 g6 5. e4 Bg7 6. Be3 Nf6 7. Nc3 d6 8. Be2 Bd7 9. O-O O-O 10. Rc1 Qa5 11. Nc2 Rfc8 12. f4 a6 13. c5 Ne8 14.
Na3 Qd8 15. Nc4 dxc5 16. Na4 b5 17. Nxc5 bxc4 18. Nxd7 Rc7 19. Nb6 Qxd1 20. Rfxd1 Rb8 21. Nxc4 Rcb7 22. b3 Nb4 23. Rd2 Nf6 24. Bf3 Rc7 25.
a3 Nc6 26. Nb6 Rbb7 27. b4 Ne8 28. Nd5 Rc8 29. e5 Rbb8 30. Rxc6 Rxc6 31. Nxe7+ Kf8 32. Nxc6 Rb5 33. a4 Rb7 34. Rd8 f6 35. Bc5+ 1-0

[Event "*** Titled Tuesday Blitz"]
[Site "Chess.com"]
[Date "2020.11.24"]
[Round "10"]
[White "Sjakkerntobi"]
[Black "szachuspl"]
[Result "0-1"]
[WhiteElo "2363"]
[BlackElo "2505"]
[TimeControl "180+1"]
[EndTime "12:12:19 PST"]
[Termination "szachuspl won by resignation"]

1. e4 c5 2. Nf3 e6 3. d4 cxd4 4.
Nxd4 Nc6 5. Nc3 Qc7 6. Be3 a6 7. Qf3 Nf6 8. O-O-O Ne5 9. Qg3 d6 10. Be2 Bd7 11. f4 Nc4 12. Bxc4 Qxc4 13. e5 Nd5 14. Nxd5 Qxd5 15. Nb3 Qc6 16. f5 Rc8 17.
Rd2 d5 18. fxe6 Bxe6 19. Nd4 Qa4 20. Nxe6 fxe6 21. Kb1 Bb4 22. Qxg7 Rf8 23. Re2 Qd7 24. Qxd7+ Kxd7 25. c3 Be7 26. Kc2 Rf5 27. g4 Rxe5 28.
Kd3 Rf8 29. Bd4 Rf3+ 30. Kd2 Bg5+ 31. Ke1 Rxe2+ 32. Kxe2 Rh3 33. Be5 Re3+ 0-1

[Event "*** Titled Tuesday Blitz"]
[Site "Chess.com"]
[Date "2020.11.24"]
[Round "10"]
[White "RD4ever"]
[Black "Margency"]
[Result "1-0"]
[WhiteElo "2826"]
[BlackElo "2682"]
[TimeControl "180+1"]
[EndTime "12:12:20 PST"]
[Termination "RD4ever won by resignation"]

1. e4 c5 2. Nf3 d6 3. Bb5+ Nc6 4. O-O Bd7 5. Re1 Nf6 6. c3 a6 7. Bf1 Bg4 8. d4 cxd4 9. cxd4 e5 10. Be3 exd4 11. Bxd4 Be7 12. Nc3 O-O 13. Be3 Re8 14. h3 Bh5 15. g4 Bg6 16. Nh4 Nd7 17. Nf5 Nc5 18. Bg2 Na7 19. Qd2 Bf8 20. Rad1 Bxf5 21. exf5 Nc6 22. Nd5 a5 23. Qc3 Rc8 24. Bf4 Rxe1+ 25.
Rxe1 b5 26. f6 g6 27. Bg5 b4 28. Qd2 Ne6 29. Rxe6 h6 30. Bh4 g5 31. Bxg5 hxg5 32.
Qxg5+ Kh8 33. Qh5+ Kg8 34. Be4 1-0

[Event "*** Titled Tuesday Blitz"]
[Site "Chess.com"]
[Date "2020.11.24"]
[Round "10"]
[White "Shuvalov"]
[Black "tlomigtlis"]
[Result "0-1"]
[WhiteElo "2452"]
[BlackElo "2577"]
[TimeControl "180+1"]
[EndTime "12:12:20 PST"]
[Termination "tlomigtlis won by resignation"]

1. Nf3 Nf6 2. c4 c6 3. g3 d5 4.
Bg2 dxc4 5. O-O g6 6. Na3 Be6 7. Qc2 Bg7 8. Nxc4 O-O 9. d3 Na6 10. Bd2 Nd5 11. a3 h6 12. Na5 Qb6 13. Rab1 Rfd8 14.
b4 Qc7 15. Rfc1 Rac8 16. e4 Nf6 17. Bf4 Qb6 18. Be3 Qb5 19. Bf1 Qh5 20. Nd4 Ng4 21. h4 Bxd4 22. Bxd4 Rxd4 23. Nxb7 g5 24. f3 Ne5 25.
Qf2 Nxf3+ 26. Kg2 Bg4 27. Be2 Rd7 28. Bxf3 Rxb7 29. b5 Nb8 30. a4 Nd7 31. bxc6 Rxb1 32. cxd7 Bxf3+ 33. Qxf3 Qxf3+ 34. Kxf3 Rbxc1 35. dxc8=Q+ Rxc8 36. hxg5 hxg5 0-1

[Event "*** Titled Tuesday Blitz"]
[Site "Chess.com"]
[Date "2020.11.24"]
[Round "10"]
[White "Gusarov91"]
[Black "SchmakAttack"]
[Result "0-1"]
[WhiteElo "2659"]
[BlackElo "2542"]
[TimeControl "180+1"]
[EndTime "12:12:21 PST"]
[Termination "SchmakAttack won by resignation"]

1. d4 Nf6 2. Nf3 d5 3. c4 e6 4. g3 dxc4 5. Bg2 c5 6. O-O Nc6 7. Qa4 Bd7 8. Qxc4 b5 9. Qd3 c4 10. Qd1 Rc8 11. a4 b4 12. Bg5 h6 13. Bxf6 Qxf6 14. e3 Bd6 15. Nbd2 Na5 16. Qe2 O-O 17. Rfc1 Qe7 18. e4 c3 19. bxc3 bxc3 20. e5 cxd2 21. Rxc8 Rxc8 22. exd6 Rc1+ 23. Bf1 Rxa1 24. dxe7 d1=Q 25. Qa6 Qxf3 26. Qxa5 Bc6 27. d5 Qxd5 28. Qd8+ Kh7 29. f3 Qxf3 0-1

[Event "*** Titled Tuesday Blitz"]
[Site "Chess.com"]
[Date "2020.11.24"]
[Round "10"]
[White "HajduIstvanCM"]
[Black "HouseOfDurin"]
[Result "0-1"]
[WhiteElo "1706"]
[BlackElo "2120"]
[TimeControl "180+1"]
[EndTime "12:12:24 PST"]
[Termination "HouseOfDurin won by checkmate"]

1. e4 c5 2. Nf3 Nc6 3. Bb5 g6 4.
O-O Bg7 5. Re1 e5 6. Nc3 Nge7 7. a4 O-O 8. d3 d6 9. Bg5 h6 10. Be3 Be6 11. Bc4 Qd7 12. Nd5 Bxd5 13. Bxd5 Nxd5 14. exd5 Nb4 15. c4 f5 16. Qb3 a5 17. Bd2 b6 18.
Rad1 g5 19. Bxb4 axb4 20. Qc2 Qxa4 21. b3 Qa2 22. Qc1 Qxb3 23. Nxg5 hxg5 24. Qxg5 Rf6 25.
Rd2 Qc3 26. Rdd1 b3 27. h4 b2 28. h5 Ra1 29. Rb1 Rxb1 30. Rxb1 Qc2 31. Rf1 b1=Q 32. Rxb1 Qxb1+ 33. Kh2 Qxd3 34. h6 Rxh6+ 35. Qxh6 Bxh6 36.
g3 Qxc4 37. Kh3 Qxd5 38. f4 Qh1# 0-1

[Event "*** Titled Tuesday Blitz"]
[Site "Chess.com"]
[Date "2020.11.24"]
[Round "10"]
[White "lefonghua"]
[Black "Tenamu"]
[Result "1-0"]
[WhiteElo "2492"]
[BlackElo "2316"]
[TimeControl "180+1"]
[EndTime "12:12:25 PST"]
[Termination "lefonghua won by resignation"]

1. d4 e6 2. c4 Nf6 3. Nc3 c5 4. d5 exd5 5. cxd5 d6 6. e4 g6 7. f4 Bg7 8. Nf3 O-O 9. Be2 b5 10. e5 dxe5 11. fxe5 Ng4 12. Bg5 Qa5 13. O-O b4 14.
Ne4 Nxe5 15. Nxe5 Bxe5 16. Be7 Bd4+ 17. Kh1 Re8 18. Nf6+ Bxf6 19. Bxf6 Nd7 20. Bg5 Bb7 21. d6 c4 22. Be7 Qc5 23. Rc1 Nb6 24. d7 Rxe7 25.
d8=Q+ Rxd8 26. Qxd8+ Kg7 27. Bf3 Bxf3 28. Rxf3 Na4 29.
Qd2 a5 30. b3 c3 31. Qf4 Nb2 32. h4 Nd3 33. Rxd3 c2 34. Rd2 1-0

[Event "*** Titled Tuesday Blitz"]
[Site "Chess.com"]
[Date "2020.11.24"]
[Round "10"]
[White "OscarAng"]
[Black "Taktikmonster"]
[Result "0-1"]
[WhiteElo "2346"]
[BlackElo "2225"]
[TimeControl "180+1"]
[EndTime "12:12:27 PST"]
[Termination "Taktikmonster won by checkmate"]

1. d4 Nf6 2. Bg5 Ne4 3. Bf4 c5 4. f3 Qa5+ 5. c3 Nf6 6. Nd2 cxd4 7. Nc4 Qd8 8. Qxd4 Nc6 9. Qe3 e6 10. Nd6+ Bxd6 11. Bxd6 Nd5 12. Qc5 b6 13. Qa3 Ne3 14.
Qa4 b5 15. Qb3 Na5 16. Qxb5 Nc2+ 17. Kd2 Nxa1 18. e4 Qb6 19. b4 Qxd6+ 20. Kc1 Nc6 21.
Be2 Rb8 22. Qa4 Qf4+ 23. Kb2 Qd2+ 24. Kxa1 Qc1# 0-1

[Event "*** Titled Tuesday Blitz"]
[Site "Chess.com"]
[Date "2020.11.24"]
[Round "10"]
[White "Orest_Vovk"]
[Black "Oglob71"]
[Result "1-0"]
[WhiteElo "2538"]
[BlackElo "2412"]
[TimeControl "180+1"]
[EndTime "12:12:33 PST"]
[Termination "Orest_Vovk won by resignation"]

1. h3 d5 2. e4 dxe4 3. Nc3 Nf6 4. Qe2 Qd4 5. g4 h6 6. Bg2 Nc6 7. a3 e5 8. Nxe4 Be7 9. d3 Nxe4 10. Bxe4 Be6 11. Nf3 Qd6 12. Bd2 Bd5 13. Bc3 O-O-O 14. O-O-O f6 15. Kb1 Kb8 16. Nh4 Rhe8 17. Nf5 Qd7 18.
Nxg7 Rg8 19. Nf5 Bf8 20. Bxd5 Qxd5 21. Qe4 Qe6 22. Qc4 Qxc4 23. dxc4 Kc8 24. f3 Ne7 25. Rxd8+ Kxd8 26. Rd1+ Ke8 27. Nxe7 Bxe7 28. Bd2 h5 29. Be3 hxg4 30. hxg4 a6 31. Rh1 Kf7 32. Rh7+ Ke6 33. c3 Rd8 34. Kc2 b5 35. cxb5 axb5 36. Rh6 Kf7 37. g5 fxg5 38. Rh7+ Ke6 39. Rxe7+ Kxe7 40. Bxg5+ Kd7 41. Bxd8 Kxd8 42. Kd3 Kd7 43. c4 c6 44. cxb5 cxb5 45. Ke4 Ke6 46. b3 Kd6 47. a4 1-0

[Event "*** Titled Tuesday Blitz"]
[Site "Chess.com"]
[Date "2020.11.24"]
[Round "10"]
[White "Vulcanochess"]
[Black "frequentblunders"]
[Result "1-0"]
[WhiteElo "2284"]
[BlackElo "2064"]
[TimeControl "180+1"]
[EndTime "12:12:34 PST"]
[Termination "Vulcanochess won by resignation"]

1. c4 e6 2. Nc3 d5 3. Nf3 Nf6 4. e3 c6 5. b3 Nbd7 6. Bb2 a6 7. Be2 b5 8. d3 Bd6 9. O-O O-O 10. a3 Re8 11. b4 e5 12. c5 Bc7 13. e4 d4 14. Nb1 a5 15. Nbd2 Nf8 16. Ne1 g6 17. g3 h5 18. Ng2 Bh3 19. Re1 Qd7 20. Nf3 N8h7 21. Qc2 Ng4 22. Qd2 Bd8 23. Reb1 a4 24. Bc1 Bf6 25. Qe1 Rf8 26. Bd2 Rae8 27. Qc1 Bg7 28.
Ngh4 Bf6 29. Ng5 Qe7 30. Nxh7 Kxh7 31. Nf3 Bg7 32. Ng5+ 1-0

[Event "*** Titled Tuesday Blitz"]
[Site "Chess.com"]
[Date "2020.11.24"]
[Round "10"]
[White "MatyChess1"]
[Black "Agoking701"]
[Result "1-0"]
[WhiteElo "2572"]
[BlackElo "2344"]
[TimeControl "180+1"]
[EndTime "12:12:35 PST"]
[Termination "MatyChess1 won by resignation"]

1. e4 c6 2. Nf3 d5 3. Nc3 Nf6 4. e5 Ne4 5. Ne2 Qb6 6. d4 e6 7. Ng3 c5 8. Bd3 Nxg3 9. fxg3 Nc6 10. O-O Be7 11. Kh1 O-O 12. dxc5 Qxc5 13. a3 Bd7 14. Qe2 Rac8 15. Be3 Qa5 16. Rf2 Qc7 17. Bf4 Bc5 18. Bxh7+ Kh8 19. Ng5 g6 20. Rff1 Kg7 21. Qg4 Rh8 22. Qh4 Be7 23. Nxe6+ fxe6 24. Qh6+ 1-0

[Event "*** Titled Tuesday Blitz"]
[Site "Chess.com"]
[Date "2020.11.24"]
[Round "10"]
[White "Limelight2727"]
[Black "Resignify"]
[Result "0-1"]
[WhiteElo "1946"]
[BlackElo "2254"]
[TimeControl "180+1"]
[EndTime "12:12:39 PST"]
[Termination "Resignify won by resignation"]

1. d4 Nf6 2. c4 e6 3. Nc3 Bb4 4. e3 O-O 5. Bd2 d5 6. cxd5 exd5 7.
Bd3 c5 8. a3 Bxc3 9. Bxc3 c4 10. Bc2 Nc6 11. Nf3 Bg4 12. h3 Bh5 13. g4 Bg6 14. Ne5 Bxc2 15. Qxc2 Ne4 16. O-O-O f6 17. Nxc6 bxc6 18. f3 Nxc3 19. Qxc3 Rb8 20. Rhe1 Rb3 21. Qc2 Qb6 22. h4 Rb8 23. Re2 Qa5 24. Qf5 c3 25. Qe6+ Kh8 26. bxc3 Qxc3+ 0-1

[Event "*** Titled Tuesday Blitz"]
[Site "Chess.com"]
[Date "2020.11.24"]
[Round "10"]
[White "klimkoj"]
[Black "Dinamo3"]
[Result "1-0"]
[WhiteElo "2622"]
[BlackElo "2420"]
[TimeControl "180+1"]
[EndTime "12:12:40 PST"]
[Termination "klimkoj won by resignation"]

1. e4 c6 2. d4 d5 3. exd5 cxd5 4. c4 Nf6 5. Nc3 Nc6 6. Bg5 e6 7. c5 Be7 8. Bb5 O-O 9. Nf3 Bd7 10. O-O Ne4 11. Bxe7 Qxe7 12. Re1 Nxc3 13. bxc3 Rfc8 14. c4 dxc4 15. d5 Na5 16. d6 Qe8 17. Bxd7 Qxd7 18. Ne5 Qb5 19. d7 Rd8 20. Qd6 Nc6 21. Rab1 Qa6 22. Nxf7 Kxf7 23. Qxe6+ Kf8 24. Re4 g6 25. Rf4+ Kg7 26. Rf7+ Kh8 1-0

[Event "*** Titled Tuesday Blitz"]
[Site "Chess.com"]
[Date "2020.11.24"]
[Round "10"]
[White "tdf98pantani"]
[Black "Artyom_ChessMate"]
[Result "1/2-1/2"]
[WhiteElo "2707"]
[BlackElo "2528"]
[TimeControl "180+1"]
[EndTime "12:12:48 PST"]
[Termination "Game drawn by repetition"]

1. e4 c5 2. Nf3 d6 3. d4 cxd4 4. Nxd4 Nf6 5. Nc3 g6 6. Be3 Bg7 7. Be2 O-O 8. O-O Nc6 9. Nb3 Be6 10. f4 Qc8 11. Qe1 Ng4 12. Bd2 Nd4 13. Bd3 Bc4 14.
Nxd4 Bxd4+ 15. Kh1 Bxd3 16. cxd3 Qc5 17. Nd1 Rac8 18.
h3 Qh5 19. Nc3 a6 20. Rc1 e6 21. Qe2 f5 22. exf5 exf5 23. Qe6+ Kh8 24. Nd5 Rxc1 25. Rxc1 Qh4 26. Rc8 Nf2+ 27. Kh2 Ng4+ 28. Kh1 Nf2+ 29.
Kh2 Ng4+ 30. Kh1 1/2-1/2

[Event "*** Titled Tuesday Blitz"]
[Site "Chess.com"]
[Date "2020.11.24"]
[Round "10"]
[White "Mr_Heisenberg13"]
[Black "anon219"]
[Result "0-1"]
[WhiteElo "2528"]
[BlackElo "2761"]
[TimeControl "180+1"]
[EndTime "12:12:51 PST"]
[Termination "anon219 won by resignation"]

1. e4 c5 2. Nf3 a6 3. c3 e6 4. d4 d5 5. e5 Bd7 6. Be2 cxd4 7.
cxd4 Bb5 8. O-O Bxe2 9. Qxe2 Nc6 10.
Nc3 Nge7 11. Bg5 Qb6 12. Rfd1 Nf5 13. Qd3 h6 14. Be3 Qd8 15. Rac1 Be7 16. Na4 O-O 17.
Nc5 Bxc5 18. Rxc5 Rc8 19. Rdc1 f6 20. exf6 Qxf6 21. a3 Nd6 22. Nd2 Rc7 23. b4 Rcf7 24. Qc3 Qh4 25. g3 Qh5 26. a4 Qe2 27. Rf1 Nf5 28. b5 axb5 29. axb5 Nce7 30. b6 Nc6 31. h4 Nxg3 32. Rc1 Rxf2 0-1

[Event "*** Titled Tuesday Blitz"]
[Site "Chess.com"]
[Date "2020.11.24"]
[Round "10"]
[White "HaryKane"]
[Black "JoachimMouhamad"]
[Result "0-1"]
[WhiteElo "2572"]
[BlackElo "2481"]
[TimeControl "180+1"]
[EndTime "12:12:53 PST"]
[Termination "JoachimMouhamad won by resignation"]

1. e4 c5 2. Nf3 Nc6 3. Bb5 d6 4. d4 cxd4 5. Qxd4 Bd7 6. Bxc6 Bxc6 7. Nc3 Nf6 8. Bg5 e6 9. O-O-O Be7 10. h4 Rc8 11.
Qd3 O-O 12. Nd4 Qa5 13. Kb1 b5 14. Nb3 Qb6 15. Be3 Qb8 16. f3 b4 17. Ne2 a5 18.
Nbd4 a4 19. g4 Nd7 20. Bg5 Ne5 21. Qd2 Bxg5 22. hxg5 b3 23. axb3 axb3 24. Nxb3 Nxf3 25.
Qf4 Ne5 26. Ned4 Qa8 27. Rxh7 Bxe4 28. Rh3 Bxc2+ 29. Nxc2 Rxc2 30. Rdh1 Ng6 31. Qe4 Qxe4 0-1

[Event "*** Titled Tuesday Blitz"]
[Site "Chess.com"]
[Date "2020.11.24"]
[Round "10"]
[White "SergeyShtyka"]
[Black "PriSachu"]
[Result "1-0"]
[WhiteElo "2414"]
[BlackElo "2522"]
[TimeControl "180+1"]
[EndTime "12:12:53 PST"]
[Termination "SergeyShtyka won by checkmate"]

1. e4 e5 2. Nf3 Nc6 3. Nc3 Nf6 4. Bb5 Bb4 5. O-O O-O 6. d3 Bxc3 7. bxc3 d6 8. Bxc6 bxc6 9. Bg5 a5 10. h3 Qe7 11. c4 h6 12. Bh4 c5 13. Rb1 g5 14. Nxg5 hxg5 15. Bxg5 Qe6 16. f4 Nh7 17.
f5 Qe8 18. f6 Kh8 19. Qh5 Rg8 20. h4 Qe6 21. Rf5 Rg6 22. Rbf1 Bd7 23. Bh6 Rb8 24. Bg7+ Kg8 25. g4 Rb2 26. Qxh7+ Kxh7 27. Rh5+ Kg8 28. Rh8# 1-0

[Event "*** Titled Tuesday Blitz"]
[Site "Chess.com"]
[Date "2020.11.24"]
[Round "10"]
[White "cukin84"]
[Black "mikheeva86"]
[Result "1-0"]
[WhiteElo "2155"]
[BlackElo "1975"]
[TimeControl "180+1"]
[EndTime "12:12:53 PST"]
[Termination "cukin84 won on time"]

1. e4 e5 2. Nf3 Nc6 3. c3 d5 4.
Qa4 dxe4 5. Nxe5 Qd5 6. Nxc6 bxc6 7. Bc4 Qd6 8. d3 exd3 9. O-O Be7 10. Bxd3 Nf6 11. Bf4 Qc5 12. Nd2 O-O 13. Ne4 Nxe4 14. Qxe4 f5 15. Qc4+ Kh8 16. Qxc5 Bxc5 17. Bxc7 Be6 18.
b4 Bb6 19. Be5 Rfd8 20. Rfd1 a5 21. b5 cxb5 22. Bxb5 Rxd1+ 23. Rxd1 Bc5 24. a4 h6 25. g3 Bf8 26. Kg2 Rc8 27. h4 Bc4 28. Bxc4 Rxc4 29. Rd8 Kg8 30. Bd6 Rxc3 31. Rxf8+ Kh7 32. Rxf5 1-0

[Event "*** Titled Tuesday Blitz"]
[Site "Chess.com"]
[Date "2020.11.24"]
[Round "10"]
[White "queen_iryna"]
[Black "WildTricks"]
[Result "1-0"]
[WhiteElo "2298"]
[BlackElo "2449"]
[TimeControl "180+1"]
[EndTime "12:12:54 PST"]
[Termination "queen_iryna won on time"]

1. e4 g6 2. d4 Bg7 3. Nc3 d6 4.
Be3 a6 5. Qd2 b5 6. h4 h5 7. Bd3 Bb7 8. f4 Nd7 9. Nf3 Ngf6 10. e5 Ng4 11. Bg1 c5 12. e6 fxe6 13. Bxg6+ Kf8 14. Ng5 Kg8 15. Bf7+ Kf8 16. Nxe6+ Kxf7 17. Nxd8+ Raxd8 18. O-O-O Nb6 19. dxc5 Nc4 20. Qe2 Nxb2 21.
Kxb2 b4 22. cxd6 bxc3+ 23. Ka1 exd6 24. Bd4 Bxd4 25. Rxd4 Rhe8 26. Qc4+ Kf8 27. Qxc3 Ne3 28. Rb4 Bxg2 29. Rg1 Re6 30. Rxg2 1-0

[Event "*** Titled Tuesday Blitz"]
[Site "Chess.com"]
[Date "2020.11.24"]
[Round "10"]
[White "DenLaz"]
[Black "AlexeiShirov"]
[Result "1/2-1/2"]
[WhiteElo "2780"]
[BlackElo "2841"]
[TimeControl "180+1"]
[EndTime "12:12:59 PST"]
[Termination "Game drawn by agreement"]

1. d4 d5 2. c4 c6 3. Nf3 Nf6 4.
Qc2 g6 5. e3 Na6 6. Be2 Bg7 7.
O-O O-O 8. Nc3 dxc4 9. Bxc4 b5 10. Be2 Nb4 11. Qd1 Bf5 12. Bd2 a5 13. Ne5 Nd7 14.
Nxd7 Qxd7 15. a3 Nd5 16. Bf3 Bd3 17. Re1 a4 18. e4 Nb6 19. Be3 Bc4 20. Qd2 Bb3 21.
e5 Nc4 22. Qe2 Rab8 23. Ne4 Rfc8 24. Nc5 Qd8 25. Nxb3 axb3 26. Rac1 Qa5 27. Rc3 Qa4 28. Qd1 Nxb2 29. Qxb3 Qxb3 30. Rxb3 Nc4 31. Be2 Nxe3 32. fxe3 e6 33. Rc1 Bf8 34. Rbc3 Ra8 35. Bxb5 Rxa3 36. Rxa3 Bxa3 37. Rxc6 Rxc6 38. Bxc6 Kf8 39. Kf2 1/2-1/2

[Event "*** Titled Tuesday Blitz"]
[Site "Chess.com"]
[Date "2020.11.24"]
[Round "10"]
[White "sara_khm"]
[Black "machupichu10"]
[Result "1-0"]
[WhiteElo "2607"]
[BlackElo "2747"]
[TimeControl "180+1"]
[EndTime "12:12:59 PST"]
[Termination "sara_khm won by resignation"]

1. d4 Nf6 2. c4 e6 3. Nf3 d5 4. Nc3 Bb4 5. Bg5 c5 6. dxc5 Qa5 7. Bd2 dxc4 8. a3 Bxc3 9. Bxc3 Qxc5 10. e3 O-O 11. Bb4 Qb6 12. Bxf8 Kxf8 13. Bxc4 Bd7 14. O-O Ke7 15. Ne5 Nc6 16. Nxd7 Nxd7 17. b4 Nf6 18. Qb3 Rc8 19. Rac1 h6 20. Rfd1 Rc7 21. Be2 Ne5 22. Rxc7+ Qxc7 23. Qb2 Ned7 24. h3 g6 25. Qd4 a6 26. Bf3 h5 27. Qa7 Nd5 28.
Bxd5 exd5 29. Rxd5 Qc1+ 30. Kh2 Qc7+ 31. f4 Nb6 32. Rc5 1-0

[Event "*** Titled Tuesday Blitz"]
[Site "Chess.com"]
[Date "2020.11.24"]
[Round "10"]
[White "sopo-tereladze"]
[Black "bylavochka"]
[Result "1-0"]
[WhiteElo "2302"]
[BlackElo "2153"]
[TimeControl "180+1"]
[EndTime "12:12:59 PST"]
[Termination "sopo-tereladze won by resignation"]

1. e4 c5 2. Nf3 d6 3. d4 cxd4 4. Qxd4 Nc6 5. Bb5 Qa5+ 6. Nc3 Bd7 7. Bxc6 bxc6 8. O-O e5 9. Qd3 h6 10. Bd2 Qc7 11. Rad1 Rd8 12. Nh4 Nf6 13. f4 Be7 14. Nf5 Bxf5 15. exf5 O-O 16. fxe5 dxe5 17. Qg3 Kh7 18.
Be3 Nd5 19. Ne4 Nxe3 20. Qxe3 Rxd1 21. Rxd1 Rd8 22. Rxd8 Qxd8 23. h3 Qb6 24. Qxb6 axb6 25. Kf2 g6 26. g4 gxf5 27. gxf5 Kg7 28. a4 Kf8 29. Kf3 Ke8 30. f6 Bf8 31. Kg4 Kd7 32. Kf5 Bd6 33. Nxd6 Kxd6 34. b4 Kd5 35. a5 bxa5 36.
bxa5 e4 37. Kf4 Kd4 38. a6 e3 39.
Kf3 1-0

[Event "*** Titled Tuesday Blitz"]
[Site "Chess.com"]
[Date "2020.11.24"]
[Round "10"]
[White "PawnEatingZombie"]
[Black "GAusal"]
[Result "0-1"]
[WhiteElo "2247"]
[BlackElo "2041"]
[TimeControl "180+1"]
[EndTime "12:13:00 PST"]
[Termination "GAusal won by resignation"]

1. d4 d5 2. c4 c6 3. Nc3 Nf6 4. e3 Bf5 5. cxd5 Nxd5 6. Nge2 Bg6 7. e4 Nxc3 8. Nxc3 e6 9. Be3 Bb4 10. f3 O-O 11. Bc4 Nd7 12. O-O Be7 13. Qe2 Qc7 14.
Rac1 Qa5 15. Rfd1 Rfd8 16. a3 Nf6 17. Ba2 Rac8 18. Bb1 h6 19. g4 a6 20. Qf2 Nh7 21. h4 Rd7 22. h5 Bxh5 23. gxh5 Qxh5 24. Qg2 Bg5 25. Bxg5 Nxg5 26. Rd3 Nh3+ 27. Kf1 Nf4 28. Qf2 Nxd3 29. Bxd3 Qh1+ 30. Ke2 Qxc1 31. e5 Qxb2+ 0-1